 Dungeon Crawl Stone Soup version 0.20.1-1-g8b1a95d66d (webtiles) character file.

2369 Rrauwl the Quickloader (level 9, -6/46 HPs)
             Began as a Kobold Hunter on Dec 31, 2017.
             Was a Follower of Hepliaklqana.
             Mangled by a killer bee (9 damage)
             ... on level 7 of the Dungeon.
             The game lasted 00:30:28 (5461 turns).

Rrauwl the Quickloader (Kobold Hunter)              Turns: 5461, Time: 00:30:28

Health: -6/46      AC:  5    Str: 12    XL:     9   Next: 72%
Magic:  14/14      EV: 18    Int: 12    God:    Hepliaklqana [*.....]
Gold:   296        SH:  2    Dex: 20    Spells: 9/15 levels left

rFire    . . .     SeeInvis .   a - +1 arbalest
rCold    . . .     Gourm    .   (shield currently unavailable)
rNeg     + . .     Faith    .   m - +0 leather armour
rPois    +         Spirit   .   (no helmet)
rElec    .         Reflect  +   (no cloak)
rCorr    .         Harm     .   (no gloves)
MR       .....                  n - +0 pair of boots
Stlth    +++.......             c - +2 amulet of reflection
Regen    0.2/turn               o - ring of positive energy
MPRegen  0.2/turn               (no ring)

@: no status effects
A: reduced essence, agile 2, carnivore 3, poison resistance, shaggy fur 1,
subdued magic 1
a: Recall Ancestor, Ancestor Identity, Renounce Religion


You were on level 7 of the Dungeon.
You worshipped Hepliaklqana.
Hepliaklqana was aware of your devotion.
You were very full.

You visited 2 branches of the dungeon, and saw 8 of its levels.

You collected 296 gold pieces.

Inventory:

Hand Weapons
 a - a +1 arbalest (weapon)
Missiles
 d - 40 bolts (quivered)
Armour
 k - a +0 helmet
 m - a +0 leather armour (worn)
 n - a +0 pair of boots (worn)
Jewellery
 c - a +2 amulet of reflection (around neck)
 h - an uncursed amulet of guardian spirit
 o - a ring of positive energy (left hand)
Wands
 p - a wand of flame (1/48)
 u - a wand of flame (32/48)
 v - a wand of enslavement (8/24)
Scrolls
 b - 2 scrolls of teleportation
 g - 3 scrolls of recharging
 i - 5 scrolls of identify
 l - 5 scrolls of remove curse
 w - a scroll of blinking
Potions
 e - 3 potions of brilliance
 r - a potion of curing
Books
 t - a book of Changes

   Spells                             Type                      Level
   a - Beastly Appendage              Transmutation                1
   b - Sticks to Snakes               Transmutation                2
   c - Spider Form                    Transmutation/Poison         3
   d - Ice Form                       Ice/Transmutation            4
   e - Blade Hands                    Transmutation                5
Comestibles
 f - 5 meat rations
 j - 5 royal jellies
 s - 7 chunks of flesh


   Skills:
 - Level 4.0 Fighting
 + Level 10.3 Crossbows
 - Level 1.0 Armour
 - Level 5.0 Dodging
 - Level 4.0 Stealth
 - Level 5.0 Unarmed Combat
 + Level 3.8 Spellcasting
 + Level 3.8 Transmutations


You had 9 spell levels left.
You knew the following spells:

 Your Spells              Type           Power        Failure   Level  Hunger
a - Beastly Appendage     Tmut           #.....       4%          1    #......
b - Blade Hands           Tmut           #.........   83%         5    ######.


Dungeon Overview and Level Annotations

Branches:
Dungeon (7/15)             Temple (1/1) D:5

Altars:
Ashenzari
Cheibriados
Elyvilon
Fedhas
Gozag
Hepliaklqana
Kikubaaqudgha
Makhleb
Nemelex Xobeh
Qazlal
Ru
Sif Muna
Trog
Uskayaw
Vehumet
Xom
Yredelemnul
Zin
The Shining One

Annotations:
D:5 Rrauwl's ghost, novice CeHu


Innate Abilities, Weirdness & Mutations

You are small and have problems with some larger weapons.
You are carnivorous and can eat meat at any time.
Your life essence is reduced to manifest your ancestor. (-10% HP)
You are very agile. (Dex +4)
Your system is resistant to poisons. (rPois)
You are covered in fur. (AC +1)
Your spells are a little easier to cast, but a little less powerful.


Message History

Rick misses the killer bee.
Firing (i - inventory):
d - 42 bolts (quivered)
Press: ? - help, Shift-Dir - straight line, f/p - killer bee
Aim: a killer bee (lightly wounded)
You shoot a bolt. The bolt misses the killer bee.
The killer bee stings you.
* * * LOW HITPOINT WARNING * * *
The killer bee closely misses you.
Rick closely misses the killer bee.
The killer bee stings you.
* * * LOW HITPOINT WARNING * * *
You are more poisoned.
The killer bee poisons you!
You feel better.
The killer bee stings you but does no damage.
Rick hits the killer bee!
The killer bee stings you.
* * * LOW HITPOINT WARNING * * *
Firing (i - inventory):
d - 41 bolts (quivered)
Press: ? - help, Shift-Dir - straight line, f/p - killer bee
Aim: a killer bee (heavily wounded)
You shoot a bolt. The bolt misses the killer bee.
The killer bee stings you!
You die...

#...............#
#...............# #
#...............#
.. #....##...##....
(.. #....##.<.# ...
..( #....# .....
#.. #....##.....
.##...##...........
(....(y@...........
......R(...........
.......(...........
###################


You could see the friendly Rick the ancestor and a killer bee.

Vanquished Creatures
  Sigmund (D:3)
  An ice beast (D:5)
  An ogre (D:4)
  A big kobold (D:5)
  A bullfrog (D:6)
  2 scorpions
  2 howler monkeys
  3 crimson imps
  2 hounds
  5 orc priests
  2 bullfrog skeletons
  An iguana (D:6)
  11 worker ants
  6 orc wizards
  A hound skeleton (D:4)
  A worker ant zombie (D:6)
  9 adders
  3 shadow imps (D:5)
  An ooze (D:2)
  An adder zombie (D:5)
  2 worms
  2 dart slugs
  3 leopard geckos
  12 orcs
  2 ball pythons
  2 bats
  6 giant cockroaches
  5 goblins
  7 hobgoblins
  3 jackals (D:2)
  17 kobolds
  2 quokkas (D:2)
  4 frilled lizards
  A giant cockroach zombie (D:5)
  A leopard gecko skeleton (D:4)
  6 rats
130 creatures vanquished.

Vanquished Creatures (collateral kills)
  Pikel (D:6)
  An ogre (D:6)
  2 killer bees (D:7)
  A bullfrog zombie (D:6)
  An orc (D:6)
  6 kobolds (D:5)
12 creatures vanquished.

Vanquished Creatures (others)
  A slave (D:6)
  An ogre (D:6)
  A giant cockroach (D:6)
  A kobold (D:5)
  A plant (D:5)
5 creatures vanquished.

Grand Total: 147 creatures vanquished

Notes
Turn   | Place    | Note
-------+----------+-------------------------------------------
     0 | D:1      | Rrauwl the Kobold Hunter began the quest for the Orb.
     0 | D:1      | Reached XP level 1. HP: 12/12 MP: 1/1
    87 | D:1      | Reached skill level 1 in Unarmed Combat
    87 | D:1      | Reached XP level 2. HP: 17/17 MP: 2/2
   399 | D:1      | Reached XP level 3. HP: 22/22 MP: 3/3
   955 | D:2      | Found a deep blue altar of Sif Muna.
  1159 | D:3      | Reached skill level 5 in Crossbows
  1159 | D:3      | Reached XP level 4. HP: 27/27 MP: 4/4
  1219 | D:3      | Reached XP level 5. HP: 28/32 MP: 5/5
  1625 | D:3      | Noticed Sigmund
  1642 | D:3      | Killed Sigmund
  1642 | D:3      | Reached skill level 6 in Crossbows
  1642 | D:3      | Reached XP level 6. HP: 19/37 MP: 2/6
  1863 | D:3      | Found a bloodstained altar of Trog.
  2124 | D:3      | Found a blossoming altar of Fedhas.
  2129 | D:3      | Found a shattered altar of Ashenzari.
  2203 | D:4      | Reached XP level 7. HP: 41/41 MP: 7/7
  2214 | D:4      | Reached skill level 7 in Crossbows
  2590 | D:4      | Reached skill level 5 in Unarmed Combat
  2836 | D:4      | Found a burning altar of Makhleb.
  2838 | D:4      | Noticed a blizzard demon
  2863 | D:4      | Reached XP level 8. HP: 31/46 MP: 8/8
  3049 | D:4      | Found a radiant altar of Vehumet.
  3054 | D:4      | Found a burning altar of Makhleb.
  3153 | D:4      | Reached skill level 8 in Crossbows
  3335 | D:5      | Entered Level 5 of the Dungeon
  3335 | D:5      | Noticed Rrauwl's ghost (novice CeHu)
  3655 | D:5      | Found a shimmering altar of Xom.
  3698 | D:5      | Reached skill level 5 in Dodging
  3819 | D:5      | Found a staircase to the Ecumenical Temple.
  3826 | D:5      | Reached skill level 1 in Armour
  3834 | D:5      | Reached skill level 9 in Crossbows
  3869 | Temple   | Entered the Ecumenical Temple
  4135 | Temple   | Became a worshipper of Hepliaklqana the Forgotten
  4332 | D:5      | Learned a level 1 spell: Beastly Appendage
  4338 | D:5      | Learned a level 5 spell: Blade Hands
  4770 | D:6      | Reached XP level 9. HP: 46/46 MP: 9/9
  4776 | D:6      | Reached skill level 1 in Spellcasting
  4801 | D:6      | Reached skill level 1 in Transmutations
  4941 | D:6      | Gained mutation: Your system is resistant to poisons. (rPois) [potion of mutation]
  4941 | D:6      | Gained mutation: Armour fits poorly on your strangely shaped body. [potion of mutation]
  4941 | D:6      | Gained mutation: You are covered in fur. (AC +1) [potion of mutation]
  5208 | D:6      | Reached * piety under Hepliaklqana
  5281 | D:6      | Noticed Pikel
  5320 | D:6      | Killed Pikel
  5320 | D:6      | Reached skill level 10 in Crossbows
  5362 | D:6      | Lost mutation: Armour fits poorly on your strangely shaped body. [potion of mutation]
  5362 | D:6      | Lost mutation: Your system is resistant to poisons. (rPois) [potion of mutation]
  5362 | D:6      | Gained mutation: Your spells are a little easier to cast, but a little less powerful. [potion of mutation]
  5362 | D:6      | Gained mutation: You are agile. (Dex +2) [potion of mutation]
  5362 | D:6      | Gained mutation: You are very agile. (Dex +4) [potion of mutation]
  5362 | D:6      | Gained mutation: Your system is resistant to poisons. (rPois) [potion of mutation]
  5459 | D:7      | HP: 1/46 [killer bee (5)]
  5461 | D:7      | Mangled by a killer bee

Skill      XL: |  1  2  3  4  5  6  7  8  9 |
---------------+----------------------------+-----
Unarmed Combat | 1 2 3 5 |  5.0
Stealth        | 2 3 4 |  4.0
Dodging        | 3 5 |  5.0
Crossbows      | 5 6 7 9 10 | 10.3
Fighting       | 3 4 |  4.0
Armour         | 1 |  1.0
Spellcasting   | 3 |  3.8
Transmutations | 3 |  3.8

Action                   |  1- 3 |  4- 6 |  7- 9 || total
-------------------------+-------+-------+-------++-------
Melee: Unarmed           |       |       |   124 ||   124
       Punch             |       |       |     4 ||     4
 Fire: Hand crossbow     |    72 |     6 |       ||    78
       Arbalest          |       |    53 |   173 ||   226
Invok: Ancestor Identity |       |       |     1 ||     1
  Use: Potion            |     5 |     1 |     6 ||    12
       Scroll            |     5 |     1 |     3 ||     9
 Stab: Distracted        |       |       |     1 ||     1
  Eat: Chunk             |     9 |     3 |    10 ||    22
Armor: Leather armour    |    10 |     2 |    33 ||    45
Dodge: Dodged            |    36 |    10 |   133 ||   179
Block: Other             |       |       |    13 ||    13
       Reflection        |       |       |     3 ||     3
